[Event "Titled Tuesday Blitz October 25 Late 2022"]
[White "Putnam, Liam"]
[Black "Sailer, Mike"]
[WhiteFideId "30938279"]
[BlackFideId "2012901"]
[WhiteElo "2082"]
[BlackElo "2109"]
[Result "1-0"]
[Round "01"]
[TimeControl "180+1"]
[Date "2022.10.26"]
[WhiteClock "0:00:35"]
[BlackClock "0:00:09"]

1. e4 d5 2. exd5 Qxd5 3. Nc3 Qd6 4. d4 Nf6 5. Nf3 c6 6. Ne5 Nbd7 7. Bf4 Nd5 8. Nxd5 Qxd5 9. Bc4 Qe4+ 10. Qe2 Qxe2+ 11. Kxe2 Nxe5 12. dxe5 Bf5 13. Rad1 Bxc2 14. Rd2 Bf5 15. e6 Bxe6 16. Bxe6 fxe6 17. Rhd1 g6 18. Rd7 b6 19. Rc7 Bg7 20. Bg5 O-O 21. Bxe7 Rfc8 22. Rdd7 Rxc7 23. Rxc7 Bxb2 24. Rxc6 Kf7 25. Bg5 Be5 26. f4 Bd4 27. Rc7+ Kg8 28. Re7 Rc8 29. Rxe6 Rc2+ 30. Kd3 Bc5 31. Kxc2 1-0


[Site "https://www.chess.com"]

[Event "Titled Tuesday Blitz October 25 Late 2022"]
[White "Rasulov, Vugar"]
[Black "Sztokbant, Bernardo Vainzoff"]
[WhiteFideId "13402390"]
[BlackFideId "2115956"]
[WhiteElo "2509"]
[BlackElo "2171"]
[Result "1-0"]
[Round "01"]
[TimeControl "180+1"]
[Date "2022.10.26"]
[WhiteClock "0:01:11"]
[BlackClock "0:02:01"]

1. Nf3 g6 2. g3 Bg7 3. Bg2 e5 4. O-O Ne7 5. d3 d5 6. c4 O-O 7. cxd5 Nxd5 8. Nc3 Re8 9. Bg5 Ne7 10. Qd2 Nbc6 11. Rac1 Be6 12. Ne4 f5 13. Nf6+ Bxf6 14. Bxf6 Qd6 15. Qh6 1-0


[Site "https://www.chess.com"]

[Event "Titled Tuesday Blitz October 25 Late 2022"]
[White "Rengifo Blancas, Renzo Jhonathan"]
[Black "Gunduz, Umut Erdem"]
[WhiteFideId "3807185"]
[BlackFideId "6381383"]
[WhiteElo "2058"]
[BlackElo "2182"]
[Result "1-0"]
[Round "01"]
[TimeControl "180+1"]
[Date "2022.10.26"]
[WhiteClock "0:01:07"]
[BlackClock "0:00:20"]

1. d4 Nf6 2. Nc3 d5 3. Nf3 c6 4. Bf4 g6 5. e3 Bg7 6. h3 O-O 7. Bd3 Nbd7 8. O-O b5 9. a3 a5 10. e4 e6 11. Qd2 Bb7 12. Bh6 b4 13. axb4 axb4 14. Rxa8 Qxa8 15. Bxg7 Kxg7 16. e5 bxc3 17. exf6+ Nxf6 18. Qxc3 Qa2 19. b3 Ra8 20. Ne5 Qa5 21. Qc5 Qxc5 22. dxc5 Kf8 23. b4 Ke7 24. b5 cxb5 25. Bxb5 Rc8 26. c6 Ba8 27. Ra1 Ne8 28. Ra7+ Nc7 29. Ba6 Re8 30. Rxc7+ Kd6 31. Rd7+ Kxe5 32. c7 1-0


[Site "https://www.chess.com"]

[Event "Titled Tuesday Blitz October 25 Late 2022"]
[White "Richter, Paul"]
[Black "Roberts, Paul"]
[WhiteFideId "2046350"]
[BlackFideId "2400600"]
[WhiteElo "2593"]
[BlackElo "2112"]
[Result "1-0"]
[Round "01"]
[TimeControl "180+1"]
[Date "2022.10.26"]
[WhiteClock "0:00:06"]
[BlackClock "0:00:44"]

1. e4 c5 2. Nf3 e6 3. d3 Nc6 4. Nbd2 g6 5. g3 Bg7 6. Bg2 Nge7 7. O-O O-O 8. Re1 e5 9. Nc4 d6 10. a4 a6 11. a5 h6 12. Bd2 f5 13. Nb6 Rb8 14. Nxc8 Rxc8 15. exf5 gxf5 16. c4 Nd4 17. Nxd4 cxd4 18. Qh5 Qe8 19. Qxe8 Rfxe8 20. Bxb7 Rb8 21. Bxa6 Rxb2 22. Bc1 Rb3 23. Ra3 Rxa3 24. Bxa3 Ra8 25. Bb5 Rxa5 26. Bxd6 Ng6 27. Bd7 f4 28. c5 Bf8 29. Be6+ Kg7 30. gxf4 Bxd6 31. cxd6 Nxf4 32. Bf5 Rd5 33. d7 Kf6 34. Be4 Rxd7 35. Rb1 Rg7+ 36. Kf1 Nh3 37. Rb6+ Ke7 38. Rxh6 Rg1+ 39. Ke2 Nf4+ 40. Kf3 Kf7 41. Rh7+ Kg8 42. Re7 Rh1 43. Rxe5 Nh3 44. Rh5 Rxh2 45. Kg3 Rxf2 46. Rxh3 Rd2 47. Kg4 Kg7 48. Kf4 Kf6 49. Rh5 Rf2+ 50. Bf3 Rd2 51. Rf5+ Ke6 52. Re5+ Kd6 53. Rd5+ Ke6 54. Rxd4 Ra2 55. Ke3 Ke5 56. Be4 Rh2 57. Rd5+ Ke6 58. Ra5 Rh3+ 59. Kd4 Rg3 60. Ra6+ Ke7 61. Ke5 Rg5+ 62. Bf5 Rg3 63. Ra7+ Kf8 64. d4 Re3+ 65. Kf6 Re8 66. d5 Rd8 67. Be6 Ke8 68. Rh7 Rxd5 69. Rh8# 1-0


[Site "https://www.chess.com"]

[Event "Titled Tuesday Blitz October 25 Late 2022"]
[White "Roman, Rodrigo"]
[Black "Milikow, Yoav"]
[WhiteFideId "3701220"]
[BlackFideId "2822237"]
[WhiteElo "2001"]
[BlackElo "2341"]
[Result "0-1"]
[Round "01"]
[TimeControl "180+1"]
[Date "2022.10.26"]
[WhiteClock "0:00:02"]
[BlackClock "0:00:47"]

1. e4 e5 2. Nf3 Nc6 3. Bb5 a6 4. Ba4 Nge7 5. c3 g6 6. d4 exd4 7. Nxd4 Bg7 8. Be3 b5 9. Bb3 Na5 10. h4 h5 11. Bc2 Nc4 12. Bc1 d6 13. b3 Ne5 14. f3 O-O 15. Bg5 Qe8 16. Qc1 c5 17. Ne2 Kh7 18. Qd2 d5 19. exd5 Nf5 20. Na3 b4 21. cxb4 cxb4 22. Qxb4 Nd4 23. Qe7 Nxe2 24. Kxe2 Qxe7 25. Bxe7 Re8 26. d6 Nc6 27. Rac1 Nxe7 28. dxe7 Bb2 29. Nc4 Rxe7+ 30. Kf2 Bxc1 31. Rxc1 Be6 32. Be4 Rc8 33. Kg3 Rec7 34. Bd3 Kg7 35. Kf4 Rd8 36. Be2 Rd2 37. Nxd2 Rxc1 38. Bxa6 Rc2 39. Ke3 Rxa2 40. Bc4 Bd7 41. g3 Rb2 42. f4 Bc6 43. Kd3 Ra2 44. Kc3 Ra1 45. b4 Rg1 46. b5 Rxg3+ 47. Kd4 Bb7 48. Kc5 Rg4 49. Kb6 Bh1 50. Ka6 Rxf4 51. b6 Rxh4 52. b7 Bxb7+ 53. Kxb7 Rd4 0-1


[Site "https://www.chess.com"]

[Event "Titled Tuesday Blitz October 25 Late 2022"]
[White "Rosenberg, Evan S"]
[Black "Goltsev, Dmitry"]
[WhiteFideId "2019299"]
[BlackFideId "24176710"]
[WhiteElo "2373"]
[BlackElo "2257"]
[Result "0-1"]
[Round "01"]
[TimeControl "180+1"]
[Date "2022.10.26"]
[WhiteClock "0:00:50"]
[BlackClock "0:02:33"]

1. d4 Nf6 2. Nf3 e6 3. g3 d5 4. Bg2 c5 5. O-O Nc6 6. c4 Be7 7. dxc5 Bxc5 8. Bg5 dxc4 9. Qxd8+ Kxd8 10. Nbd2 h6 11. Bxf6+ gxf6 12. Nxc4 Ke7 13. Rac1 Bd7 14. Rfd1 Rac8 15. e3 Rhd8 16. a3 Be8 17. Rxd8 Rxd8 18. b4 Bd6 19. Nxd6 Rxd6 20. b5 Na5 21. a4 Nb3 22. Rc7+ Rd7 23. Rxd7+ Bxd7 24. Nd4 Nc5 25. a5 e5 26. a6 exd4 27. axb7 Nxb7 28. Bxb7 dxe3 29. fxe3 Bxb5 30. Kf2 Kd6 31. Bf3 a5 32. Ke1 Bc6 33. Bh5 Bd5 34. Kd2 Ke5 35. Bd1 Ke4 36. g4 Be6 37. h3 f5 38. Bc2+ Ke5 39. Bd1 fxg4 40. hxg4 Ke4 41. Bc2+ Kf3 42. Bd1+ Kg3 0-1


[Site "https://www.chess.com"]

[Event "Titled Tuesday Blitz October 25 Late 2022"]
[White "Rustemov, Alexander"]
[Black "Leschinsky, Gary"]
[WhiteFideId "4119002"]
[BlackFideId "30951321"]
[WhiteElo "2786"]
[BlackElo "1855"]
[Result "1-0"]
[Round "01"]
[TimeControl "180+1"]
[Date "2022.10.26"]
[WhiteClock "0:00:30"]
[BlackClock "0:00:33"]

1. d4 d5 2. c4 c6 3. Nc3 Nf6 4. e3 e6 5. Nf3 Nbd7 6. Qc2 Bd6 7. Bd2 O-O 8. O-O-O a6 9. e4 dxe4 10. Nxe4 Nxe4 11. Qxe4 Qe7 12. Bc3 Re8 13. Bd3 f5 14. Qe2 b5 15. c5 Bc7 16. Rhe1 Qf8 17. Bc2 Nf6 18. Bb3 Nd5 19. Bxd5 cxd5 20. Ne5 Bxe5 21. Qxe5 Bb7 22. Ba5 Bc6 23. f4 Qf7 24. b4 Rac8 25. g3 Bd7 26. Re2 Rc6 27. Rde1 Qf6 28. Kb2 Qxe5 29. Rxe5 Re7 30. Rxd5 Kf7 31. Rde5 Re8 32. Kc3 Rcc8 33. h3 Bc6 34. g4 g6 35. R1e3 Bd5 36. a3 Be4 37. R3xe4 fxe4 38. Rxe4 Re7 39. Kd3 Rd7 40. Re5 Rd5 41. Ke4 Rd7 42. f5 gxf5+ 43. gxf5 Re8 44. fxe6+ Rxe6 45. d5 Rh6 46. d6 Rxh3 47. Kd5 Kf6 48. Re8 Kf7 49. Ra8 Kg6 50. Kc6 Rf7 51. d7 Rxd7 52. Kxd7 Rxa3 53. Rxa6+ Kf5 54. c6 h5 55. c7 Rd3+ 56. Rd6 Rc3 57. Rc6 1-0


[Site "https://www.chess.com"]

[Event "Titled Tuesday Blitz October 25 Late 2022"]
[White "Sala, Giulia"]
[Black "Ozdemir, Serhan Berat"]
[WhiteFideId "2840451"]
[BlackFideId "6374611"]
[WhiteElo "1769"]
[BlackElo "2016"]
[Result "0-1"]
[Round "01"]
[TimeControl "180+1"]
[Date "2022.10.26"]
[WhiteClock "0:01:04"]
[BlackClock "0:00:32"]

1. g3 Nf6 2. Bg2 g6 3. d4 Bg7 4. c4 O-O 5. Nc3 d6 6. Nf3 c6 7. O-O Qa5 8. e4 e5 9. Bd2 Qc7 10. Qc1 Re8 11. Re1 Nbd7 12. Bh6 exd4 13. Nxd4 Ne5 14. Bxg7 Kxg7 15. Bf1 Qb6 16. Qd2 Qxd4 17. Qxd4 Nf3+ 18. Kg2 Nxd4 19. Rad1 c5 20. Nb5 Bg4 21. Rd3 Nxb5 22. cxb5 Rad8 23. f3 Be6 24. Red1 d5 25. e5 Nd7 26. f4 d4 27. Ra3 Bd5+ 28. Kg1 Ra8 29. b4 b6 30. bxc5 bxc5 31. Ra6 Nb6 32. a4 Nc4 33. Rc1 Ne3 34. Rxc5 Rec8 35. Rxc8 Rxc8 36. Kf2 Rc2+ 37. Be2 Bc4 0-1


[Site "https://www.chess.com"]

[Event "Titled Tuesday Blitz October 25 Late 2022"]
[White "Salimova, Nurgyul"]
[Black "Herman, Daniel"]
[WhiteFideId "2915138"]
[BlackFideId "30935008"]
[WhiteElo "2315"]
[BlackElo "1897"]
[Result "1-0"]
[Round "01"]
[TimeControl "180+1"]
[Date "2022.10.26"]
[WhiteClock "0:01:14"]
[BlackClock "0:00:54"]

1. d4 Nf6 2. Nc3 d5 3. Bf4 e6 4. Nb5 Na6 5. e3 Be7 6. Nf3 O-O 7. Ne5 c6 8. Nc3 c5 9. Bxa6 bxa6 10. Nc6 Qd7 11. Nxe7+ Qxe7 12. dxc5 Qxc5 13. Qd4 Qxd4 14. exd4 Bd7 15. f3 Rfc8 16. O-O-O a5 17. g4 Rc4 18. h4 a4 19. a3 Rac8 20. h5 h6 21. Be5 Rxc3 22. bxc3 Rxc3 23. Rd3 Rxd3 24. cxd3 Bb5 25. Kd2 Nd7 26. Rc1 f6 27. Bd6 a6 28. Ke3 Kf7 29. Rc8 e5 30. dxe5 fxe5 31. d4 exd4+ 32. Kxd4 Nb6 33. Rf8+ Ke6 34. Bb4 Nc4 35. f4 Nb2 36. f5+ Kd7 37. Rf7+ Kc6 38. Rxg7 Nd3 39. Be7 a5 40. f6 Nb4 41. Bxb4 axb4 42. f7 bxa3 43. f8=Q a2 44. Qa3 Bc4 45. Qxa4+ Kd6 46. Qd7# 1-0


[Site "https://www.chess.com"]

[Event "Titled Tuesday Blitz October 25 Late 2022"]
[White "Sanal, Vahap"]
[Black "Poltorak, Sebastian"]
[WhiteFideId "6300545"]
[BlackFideId "1199498"]
[WhiteElo "2574"]
[BlackElo "2232"]
[Result "1-0"]
[Round "01"]
[TimeControl "180+1"]
[Date "2022.10.26"]
[WhiteClock "0:00:05"]
[BlackClock "0:00:08"]

1. Nf3 c5 2. b3 Nc6 3. Bb2 d5 4. e3 Bf5 5. Bb5 Rc8 6. O-O a6 7. Be2 Nf6 8. d3 e6 9. Nh4 Bg6 10. Nd2 Bd6 11. Qe1 Nb4 12. Qd1 b5 13. g3 O-O 14. a3 Nc6 15. f4 Qc7 16. Qe1 h6 17. g4 e5 18. f5 Bh7 19. Qf2 Rfe8 20. Qg2 d4 21. e4 Be7 22. Nhf3 Na5 23. h4 Kh8 24. Bc1 c4 25. b4 cxd3 26. cxd3 Nb7 27. Nb3 Qc2 28. Nfd2 g5 29. fxg6 fxg6 30. g5 Nh5 31. Bd1 Qxd3 32. Rf3 Nf4 33. Rxd3 Nxg2 34. Kxg2 hxg5 35. Nf3 gxh4 36. Nxe5 Nd6 37. Rxd4 Bf6 38. Bf4 Nc4 39. Nxc4 Bxd4 40. Nxd4 bxc4 41. Bg5 Rxe4 42. Bf3 Ree8 43. Bf6+ Kg8 44. Bd5+ Kf8 45. Rf1 Re2+ 46. Kh3 1-0


[Site "https://www.chess.com"]

[Event "Titled Tuesday Blitz October 25 Late 2022"]
[White "Sarana, Alexey"]
[Black "Bilan, Danila"]
[WhiteFideId "24133795"]
[BlackFideId "24161918"]
[WhiteElo "2689"]
[BlackElo "2203"]
[Result "1-0"]
[Round "01"]
[TimeControl "180+1"]
[Date "2022.10.26"]
[WhiteClock "0:00:53"]
[BlackClock "0:00:36"]

1. c4 c6 2. e4 d5 3. exd5 cxd5 4. d4 Nf6 5. Nc3 Nc6 6. Bg5 e6 7. Nf3 Be7 8. c5 Ne4 9. Bxe7 Qxe7 10. Bb5 Bd7 11. O-O Nxc3 12. bxc3 O-O 13. Bxc6 Bxc6 14. Ne5 Bb5 15. Re1 b6 16. Rb1 Bc4 17. Nxc4 dxc4 18. cxb6 axb6 19. Rxb6 Rxa2 20. Rc6 Qf6 21. Qf3 Qxf3 22. gxf3 g6 23. Rb1 Rc2 24. Rxc4 Ra8 25. Rb7 Raa2 26. Rc8+ Kg7 27. Rcc7 Rxf2 28. Rxf7+ Kh6 29. h4 Rg2+ 30. Kf1 Rgf2+ 31. Ke1 g5 32. Rf6+ 1-0


[Site "https://www.chess.com"]

[Event "Titled Tuesday Blitz October 25 Late 2022"]
[White "Sargsyan, Anna M."]
[Black "Rodriguez Santiago, Jaime"]
[WhiteFideId "13308130"]
[BlackFideId "3100898"]
[WhiteElo "2284"]
[BlackElo "2025"]
[Result "1-0"]
[Round "01"]
[TimeControl "180+1"]
[Date "2022.10.26"]
[WhiteClock "0:00:11"]
[BlackClock "0:00:14"]

1. d4 Nf6 2. c4 e6 3. Nf3 d5 4. Nc3 c5 5. cxd5 Nxd5 6. e4 Nxc3 7. bxc3 cxd4 8. cxd4 Bb4+ 9. Bd2 Bxd2+ 10. Qxd2 O-O 11. Bd3 Nc6 12. Qe3 Qa5+ 13. Qd2 Qxd2+ 14. Kxd2 b6 15. Ke3 Bb7 16. Rhc1 Rac8 17. a4 Na5 18. Rab1 Rxc1 19. Rxc1 Rc8 20. Rxc8+ Bxc8 21. d5 exd5 22. exd5 Bd7 23. Bb5 Bxb5 24. axb5 Kf8 25. Nd4 Nc4+ 26. Kd3 Nd6 27. f3 Ke8 28. Kc3 Kd7 29. Kb4 Kc7 30. Nc6 Kb7 31. g4 a6 32. bxa6+ Kxa6 33. h4 Kb7 34. h5 Kc7 35. Kc3 Kd7 36. Kd4 f6 37. Kd3 Nf7 38. f4 Kd6 39. Ke4 Nh6 40. Nd4 g6 41. g5 f5+ 42. Kd3 Nf7 43. hxg6 hxg6 44. Kc4 Kc7 45. Ne6+ Kd6 46. Nf8 b5+ 47. Kd4 b4 48. Nxg6 b3 49. Kc3 b2 50. Kxb2 Kxd5 51. Kc3 Ke4 52. Kc4 Nxg5 53. fxg5 f4 54. Nxf4 Kf5 55. g6 Kf6 56. Kd5 Kg7 57. Ke5 Kh6 58. Kf5 Kg7 59. Kg5 Kh8 60. Kf6 Kg8 61. g7 Kh7 62. Kf7 1-0


[Site "https://www.chess.com"]

[Event "Titled Tuesday Blitz October 25 Late 2022"]
[White "Saucey, Michel"]
[Black "Velikanov, Alexander"]
[WhiteFideId "601845"]
[BlackFideId "2039290"]
[WhiteElo "2253"]
[BlackElo "2259"]
[Result "0-1"]
[Round "01"]
[TimeControl "180+1"]
[Date "2022.10.26"]
[WhiteClock "0:01:01"]
[BlackClock "0:01:27"]

1. d4 d5 2. Nf3 Nc6 3. c4 e5 4. Nxe5 Nxe5 5. dxe5 d4 6. a3 Ne7 7. e3 Nc6 8. exd4 Qxd4 9. Be2 Qxe5 10. O-O Bd6 11. g3 O-O 12. Bf4 Qxb2 13. Bxd6 Rd8 14. Qc1 Qxa1 15. Bxc7 Bh3 16. Bxd8 Bxf1 17. Bg5 Bxe2 18. Kg2 Bd3 0-1


[Site "https://www.chess.com"]

[Event "Titled Tuesday Blitz October 25 Late 2022"]
[White "Schuster, Karsten"]
[Black "Danielyan, Vahe"]
[WhiteFideId "4611071"]
[BlackFideId "13304828"]
[WhiteElo "2294"]
[BlackElo "2421"]
[Result "1/2-1/2"]
[Round "01"]
[TimeControl "180+1"]
[Date "2022.10.26"]
[WhiteClock "0:00:11"]
[BlackClock "0:00:04"]

1. d4 g6 2. c4 Bg7 3. e4 d6 4. Nc3 Nd7 5. Be3 e5 6. d5 Ne7 7. Bd3 O-O 8. Nge2 f5 9. f3 f4 10. Bf2 a5 11. Bc2 Nc5 12. Qd2 b6 13. b3 c6 14. dxc6 Be6 15. O-O-O Nxc6 16. Qxd6 Nb4 17. Bxc5 Qf6 18. Bxb4 axb4 19. Nd5 Qf7 20. Kb1 Kh8 21. Qxb4 Rfb8 22. Nec3 Bf8 23. c5 bxc5 24. Qc4 Qa7 25. a4 Rb4 26. Qe2 Rd4 27. Nb5 Qb7 28. Bd3 Bd7 29. Bc4 Bxb5 30. Bxb5 c4 31. bxc4 Rxa4 32. Rxd4 exd4 33. Qb2 Ra8 34. Qxd4+ Bg7 35. e5 Re8 36. Re1 Qb8 37. Kc2 Rc8 38. Kd3 Qa8 39. Ra1 Qb8 40. Ra6 Rd8 41. Ke2 Bxe5 42. Qa7 Qc8 43. Nf6 Bxf6 44. Rxf6 Re8+ 45. Bxe8 Qxc4+ 46. Kf2 Qc2+ 47. Kf1 Qb1+ 48. Ke2 Qc2+ 49. Ke1 Qc1+ 50. Kf2 Qb2+ 51. Kf1 Qc1+ 52. Kf2 Qb2+ 53. Ke1 Qc1+ 54. Ke2 Qc2+ 55. Ke1 Qc1+ 1/2-1/2


[Site "https://www.chess.com"]

[Event "Titled Tuesday Blitz October 25 Late 2022"]
[White "Semenenko, Dmytry"]
[Black "Pap, Gyula"]
[WhiteFideId "14118645"]
[BlackFideId "725323"]
[WhiteElo "2113"]
[BlackElo "2519"]
[Result "0-1"]
[Round "01"]
[TimeControl "180+1"]
[Date "2022.10.26"]
[WhiteClock "0:01:55"]
[BlackClock "0:01:31"]

1. Nf3 e6 2. c4 d5 3. d4 Nf6 4. Nc3 a6 5. e3 dxc4 6. Bxc4 b5 7. Bd3 c5 8. O-O Bb7 9. Qe2 cxd4 10. Nxd4 Nbd7 11. Rd1 Qb8 12. e4 Bd6 13. g3 O-O 14. f4 e5 15. Nf5 Bc5+ 16. Kg2 Re8 17. Be3 g6 18. Nh4 Bxe3 19. Qxe3 exf4 20. Qxf4 Qxf4 21. gxf4 Nc5 22. Bc2 Nfxe4 23. Nxe4 Nxe4 24. Kg1 Rad8 25. Bb3 Nd2 26. Bc2 Rd4 27. Re1 Rxe1+ 28. Rxe1 Rxf4 0-1


[Site "https://www.chess.com"]

[Event "Titled Tuesday Blitz October 25 Late 2022"]
[White "Senthil Maran K"]
[Black "Fajdetic, Hrvoje"]
[WhiteFideId "25035681"]
[BlackFideId "14501945"]
[WhiteElo "2109"]
[BlackElo "2172"]
[Result "1-0"]
[Round "01"]
[TimeControl "180+1"]
[Date "2022.10.26"]
[WhiteClock "0:01:40"]
[BlackClock "0:00:07"]

1. c4 d6 2. d4 Nd7 3. Nf3 e5 4. g3 Be7 5. Bg2 Ngf6 6. O-O c6 7. d5 Qc7 8. Nc3 Nf8 9. e4 h5 10. Bg5 Ng6 11. Qd2 h4 12. Nxh4 Nxh4 13. Bxh4 Ng4 14. Bxe7 Qxe7 15. h3 Nf6 16. dxc6 bxc6 17. Rad1 Bxh3 18. Qxd6 Qxd6 19. Rxd6 Bxg2 20. Kxg2 Rc8 21. c5 Ke7 22. Rfd1 Rc7 23. f3 Rb8 24. b3 Rb4 25. Rd8 g5 26. g4 Nd7 27. Rg8 Nxc5 28. Rxg5 Ke6 29. Rf5 a5 30. g5 a4 31. Nxa4 Nxa4 32. bxa4 Rxa4 33. Rd8 Rxa2+ 34. Kg3 c5 35. Re8+ Kd7 36. Rxf7+ Kc6 37. Rxc7+ Kxc7 38. Rxe5 Kd6 39. Rd5+ Kc6 40. g6 c4 41. f4 c3 42. Rd3 c2 43. Rc3+ Kd6 44. g7 Ra8 45. Rxc2 Rg8 46. f5 Rxg7+ 47. Kf4 Ke7 48. Rc6 Rg1 49. Ke5 Rd1 50. Rc7+ Kd8 51. Rh7 Rg1 52. Kf6 Rf1 53. e5 Re1 54. e6 Rh1 55. Rxh1 1-0


[Site "https://www.chess.com"]

[Event "Titled Tuesday Blitz October 25 Late 2022"]
[White "Sivakumar, Shaaketh"]
[Black "Lindholt, Malik"]
[WhiteFideId "30940176"]
[BlackFideId "1404490"]
[WhiteElo "2174"]
[BlackElo "1984"]
[Result "1-0"]
[Round "01"]
[TimeControl "180+1"]
[Date "2022.10.26"]
[WhiteClock "0:00:17"]
[BlackClock "0:00:57"]

1. d4 Nf6 2. Nf3 g6 3. c4 Bg7 4. Nc3 O-O 5. g3 d6 6. Bg2 Nc6 7. O-O a6 8. e4 Rb8 9. h3 b5 10. d5 Na5 11. cxb5 axb5 12. Nd4 Bd7 13. b3 b4 14. Nce2 c5 15. dxc6 Nxc6 16. Bb2 Qb6 17. Rc1 Rfc8 18. Qd2 Qa6 19. Ba1 Nxd4 20. Nxd4 Rxc1 21. Rxc1 Qb6 22. Ne2 Bc6 23. Qd3 Qb7 24. Rxc6 Qxc6 25. e5 Qb5 26. Qxb5 Rxb5 27. exf6 Bxf6 28. Bxf6 exf6 29. Nd4 Ra5 30. Nc6 Rxa2 31. Nxb4 Rb2 32. Bd5 Kf8 33. Nc6 Ke8 34. b4 Kd7 35. Kg2 f5 36. h4 f6 37. Kf3 g5 38. hxg5 fxg5 39. Ke3 h5 40. f4 h4 41. gxh4 gxh4 42. Nd4 h3 43. b5 h2 44. Bc6+ Kc7 45. Nxf5 Rb1 46. Ng3 Re1+ 47. Kf2 Rg1 48. f5 Ra1 49. f6 Kd8 50. Kg2 Ra2+ 51. Kh3 Rb2 52. Kg4 Rd2 53. Kh5 d5 54. b6 Rg2 55. Nh1 Rg1 56. Bxd5 Rf1 57. f7 Ke7 58. b7 Rb1 59. Kg6 Kf8 60. Kf6 Rf1+ 61. Ke5 Re1+ 62. Kd6 Rb1 63. Kc7 Rc1+ 64. Bc6 Kxf7 65. b8=Q Rxc6+ 66. Kxc6 Kf6 67. Qxh2 Kf5 68. Qg3 Kf6 69. Qg4 Kf7 70. Qg5 Ke8 71. Qg7 Kd8 72. Qd7# 1-0


[Site "https://www.chess.com"]

[Event "Titled Tuesday Blitz October 25 Late 2022"]
[White "Sokolovsky, Yahli"]
[Black "Sarkar, Justin"]
[WhiteFideId "2820242"]
[BlackFideId "2010011"]
[WhiteElo "2316"]
[BlackElo "2250"]
[Result "1-0"]
[Round "01"]
[TimeControl "180+1"]
[Date "2022.10.26"]
[WhiteClock "0:00:45"]
[BlackClock "0:00:02"]

1. b3 e5 2. Bb2 Nc6 3. e3 d5 4. Nf3 Bd6 5. d4 e4 6. Ne5 Nce7 7. c4 c6 8. cxd5 cxd5 9. Bb5+ Kf8 10. O-O f6 11. f4 Nf5 12. Qd2 Ngh6 13. Be2 g6 14. g4 Ne7 15. g5 fxg5 16. fxg5+ Nhf5 17. Ba3 Bxe5 18. dxe5 Be6 19. Nc3 Kg7 20. Nb5 h6 21. Rac1 Rc8 22. Rxc8 Bxc8 23. e6 1-0


[Site "https://www.chess.com"]

[Event "Titled Tuesday Blitz October 25 Late 2022"]
[White "Souleidis, Georgios"]
[Black "Joubert, Dantelle"]
[WhiteFideId "4206827"]
[BlackFideId "14310813"]
[WhiteElo "2401"]
[BlackElo "1507"]
[Result "1-0"]
[Round "01"]
[TimeControl "180+1"]
[Date "2022.10.26"]
[WhiteClock "0:00:47"]
[BlackClock "0:00:03"]

1. e4 e5 2. Nc3 Nf6 3. d4 exd4 4. Qxd4 Nc6 5. Qd3 Bb4 6. Bd2 O-O 7. O-O-O d6 8. Qg3 a5 9. f3 a4 10. a3 Ba5 11. h4 Bd7 12. h5 b5 13. h6 g6 14. Bxb5 Ne5 15. Bxd7 Qxd7 16. Bg5 Bxc3 17. Bxf6 Nd3+ 18. Rxd3 Bxf6 19. e5 Bh8 20. Ne2 Qb5 21. Nc3 Qxe5 22. Qxe5 Bxe5 23. Nd5 Rab8 24. c3 Rb7 25. f4 c6 26. fxe5 cxd5 27. exd6 Rfb8 28. Rd2 Rb6 29. d7 R6b7 30. Rh4 d4 31. Rhxd4 Rd8 32. Rxa4 Kf8 33. Rad4 Ke7 34. a4 Kf6 35. Rd5 g5 36. Kc2 Kg6 37. Rd6+ Kh5 38. a5 Ra7 39. b4 1-0


[Site "https://www.chess.com"]

[Event "Titled Tuesday Blitz October 25 Late 2022"]
[White "Srbis, Jurica"]
[Black "Sanchez, Robert"]
[WhiteFideId "14515555"]
[BlackFideId "2034360"]
[WhiteElo "2481"]
[BlackElo "2397"]
[Result "1-0"]
[Round "01"]
[TimeControl "180+1"]
[Date "2022.10.26"]
[WhiteClock "0:00:17"]
[BlackClock "0:00:15"]

1. d4 d5 2. c4 e6 3. Nc3 Nf6 4. cxd5 exd5 5. Bg5 Be7 6. e3 c6 7. Bd3 O-O 8. Qc2 h6 9. Bh4 a5 10. Nge2 Na6 11. a3 Bd7 12. O-O Re8 13. f3 c5 14. Bxf6 Bxf6 15. Nxd5 cxd4 16. Nxf6+ Qxf6 17. exd4 Rac8 18. Qd2 Nc7 19. Qxa5 Ne6 20. Qb4 Bc6 21. Rad1 Rcd8 22. Be4 Ng5 23. Ng3 Qf4 24. Bxc6 bxc6 25. Qd2 Qc7 26. Qc3 Rd5 27. Rc1 Re6 28. Kh1 Rg6 29. f4 Nh7 30. Ne4 Rh5 31. Qf3 Rd5 32. f5 Rgd6 33. Nxd6 Qxd6 34. Qf4 Qd7 35. Qb8+ Nf8 36. Rce1 Rxf5 37. Rxf5 Qxf5 38. h3 Qf2 39. Re8 Qf1+ 40. Kh2 1-0


[Site "https://www.chess.com"]

[Event "Titled Tuesday Blitz October 25 Late 2022"]
[White "Stanisz, Patryk"]
[Black "Lawson, Eric"]
[WhiteFideId "1123106"]
[BlackFideId "2604116"]
[WhiteElo "2069"]
[BlackElo "2556"]
[Result "1-0"]
[Round "01"]
[TimeControl "180+1"]
[Date "2022.10.26"]
[WhiteClock "0:00:03"]
[BlackClock "0:00:41"]

1. d4 d5 2. c4 c6 3. Nf3 Nf6 4. Nc3 e6 5. e3 Nbd7 6. Qc2 Bd6 7. g4 h6 8. Rg1 dxc4 9. Bxc4 b5 10. Be2 Bb7 11. h4 Nd5 12. Ne4 Be7 13. a3 a6 14. g5 hxg5 15. hxg5 g6 16. Bd2 Qb6 17. Rc1 a5 18. Bd3 Kf8 19. Nc5 Nxc5 20. dxc5 Qc7 21. Ke2 b4 22. Nd4 Qe5 23. Rh1 Nf4+ 24. Kf3 Rxh1 25. Rxh1 Nxd3 26. Qxd3 Qxg5 27. e4 Qxc5 28. Be3 Ba6 29. Qb3 Bc4 30. Qd1 Qb5 31. Nxb5 cxb5 32. Rh8+ Kg7 33. Rxa8 b3 34. Qd7 Bf6 35. Ra7 e5 36. Ra6 a4 37. Rxf6 Kxf6 38. Qd6+ Kg7 39. Qxe5+ f6 40. Qe7+ Bf7 41. Bd4 Kh6 42. Qxf6 Bc4 43. Qh4# 1-0


[Site "https://www.chess.com"]

[Event "Titled Tuesday Blitz October 25 Late 2022"]
[White "Svane, Rasmus"]
[Black "Castellanos Gomez, Alejandro"]
[WhiteFideId "4657101"]
[BlackFideId "22284141"]
[WhiteElo "2674"]
[BlackElo "2168"]
[Result "1-0"]
[Round "01"]
[TimeControl "180+1"]
[Date "2022.10.26"]
[WhiteClock "0:01:44"]
[BlackClock "0:00:08"]

1. Nf3 d5 2. g3 e6 3. Bg2 Nf6 4. O-O Be7 5. c4 O-O 6. b3 d4 7. e3 c5 8. Ne5 Nbd7 9. exd4 cxd4 10. Nxd7 Nxd7 11. d3 e5 12. Ba3 Nc5 13. b4 Na6 14. b5 Nc5 15. Bxc5 Bxc5 16. Nd2 Be7 17. Qe2 f6 18. Bd5+ Kh8 19. f4 exf4 20. Rxf4 Bd6 21. Rh4 g6 22. Re1 Bf5 23. Bxb7 Rb8 24. Be4 Qd7 25. Bxf5 Qxf5 26. Re4 Bb4 27. Rf1 Qd7 28. Nb3 Rbd8 29. Kg2 Bc3 30. Nc5 Qc8 31. Ne6 f5 32. Nxd8 Qxd8 33. Re7 Rf6 34. Re8+ 1-0


[Site "https://www.chess.com"]

[Event "Titled Tuesday Blitz October 25 Late 2022"]
[White "Szpar, Milosz"]
[Black "Celestino, Rafael Teixeira"]
[WhiteFideId "1184989"]
[BlackFideId "2108925"]
[WhiteElo "2422"]
[BlackElo "2375"]
[Result "0-1"]
[Round "01"]
[TimeControl "180+1"]
[Date "2022.10.26"]
[WhiteClock "0:00:07"]
[BlackClock "0:01:42"]

1. e4 e5 2. Nf3 Nc6 3. Bb5 Nf6 4. d3 Bb4+ 5. c3 Ba5 6. O-O d6 7. Re1 Bg4 8. Nbd2 O-O 9. h3 Bd7 10. Nf1 Ne7 11. Bc4 Be6 12. Ng3 Qd7 13. Bg5 Bxc4 14. Bxf6 Be6 15. d4 gxf6 16. d5 Bxh3 17. gxh3 Qxh3 18. Qd3 Bb6 19. Nd2 Ng6 20. Qf3 Nh4 21. Qxf6 Qg2# 0-1


[Site "https://www.chess.com"]